 Dungeon Crawl Stone Soup version 0.21-a0-71-g5e5ddd2 (webtiles) character file.

772 hairmachine the Cleaver (level 7, -6/61 HPs)
             Began as a Deep Dwarf Abyssal Knight on June 19, 2017.
             Was a Priest of Lugonu.
             Mangled by an ogre
             ... wielding a +0 giant club
              (19 damage)
             ... on level 5 of the Dungeon.
             The game lasted 00:32:29 (5627 turns).

hairmachine the Cleaver (Deep Dwarf Abyssal Knight) Turns: 5627, Time: 00:32:31

Health: -6/61      AC:  9    Str: 17    XL:     7   Next: 53%
Magic:  9/9        EV:  7    Int: 13    God:    Lugonu [***...]
Gold:   197        SH:  0    Dex: 12    Spells: 6/6 levels left

rFire    . . .     SeeInvis .   q - +0 war axe
rCold    . . .     Gourm    .   (no shield)
rNeg     . . .     Faith    .   y - +0 chain mail (curse)
rPois    .         Spirit   .   (no helmet)
rElec    .         Reflect  .   (no cloak)
rCorr    .         Harm     .   C - +0 pair of gloves
MR       ++...                  (no boots)
Stlth    ..........             (no amulet)
HPRegen  0.00/turn              m - ring of protection from magic {MR+, !d}
MPRegen  0.11/turn              (no ring)

@: non-regenerating
A: damage resistance, heal wounds, sense surroundings 1, no regeneration
a: Heal Wounds, Depart the Abyss, Bend Space, Banish, Renounce Religion


You were on level 5 of the Dungeon.
You worshipped Lugonu.
Lugonu was most pleased with you.
You were very hungry.

You visited 1 branch of the dungeon, and saw 5 of its levels.
You visited the Abyss 1 time.

You collected 197 gold pieces.


Innate Abilities, Weirdness & Mutations

You are resistant to damage.
You can heal yourself by infusing magical energy.
You passively map a small area around you.
You do not regenerate.


   Skills:
 - Level 2.8 Fighting
 - Level 2.0 Short Blades
 * Level 8.0 Axes
 - Level 2.1 Armour
 - Level 1.1 Dodging
 - Level 5.4 Invocations


You had 6 spell levels left.
You didn't know any spells.

Inventory:

Hand Weapons
 i - a +1 vampiric dagger
   (You took it off a goblin on level 1 of the Dungeon)
 q - a +0 war axe (weapon)
   (You found it on level 5 of the Dungeon)
 x - a +0 flail
   (You found it on level 3 of the Dungeon)
 D - a -1 executioner's axe
   (You found it on level 5 of the Dungeon)
Missiles
 g - 25 stones
 z - 2 tomahawks (quivered)
Armour
 y - a cursed +0 chain mail (worn)
   (You found it on level 3 of the Dungeon)
 C - a +0 pair of gloves (worn)
   (You found it on level 4 of the Dungeon)
Jewellery
 m - a ring of protection from magic (left hand) {MR+, !d}
   (You found it on level 2 of the Dungeon)
Wands
 a - a wand of enslavement (9/24)
   (You found it on level 5 of the Dungeon)
Scrolls
 b - a scroll of amnesia {!r}
 c - a scroll of magic mapping {!r}
 d - 2 scrolls of remove curse {!r, unknown}
 j - a scroll of recharging {!r}
 l - a scroll of fear {!r, unknown}
 o - a scroll of fog {!r}
 t - a scroll of teleportation {!r}
Potions
 e - a potion of haste {!q}
 h - a potion of ambrosia {!q, unknown}
 k - 3 potions of curing {!q}
 n - 2 potions of flight {!q}
 v - 2 potions of brilliance {!q}
 w - a potion of resistance {!q, unknown}
 A - a potion of lignification {!q, unknown}
 B - a potion of agility {!q}
Comestibles
 p - a meat ration
 r - 3 bread rations
 s - a royal jelly
 u - 4 fruits

Dungeon Overview and Level Annotations

Branches:
Dungeon (5/15)             Temple (0/1) D:4

Altars:
Cheibriados

Shops:
D:4 %

Annotations:
D:3 exclusion: 2 downstairs
D:4 1 exclusion
D:5 Phong's ghost, novice OpIE

##............#####....########..
#..............@O'....# #..
#.............####....# #..
#.............# #....# #..
#..........<..# ####.# #..
#.............# #.# #..
#.............# #.# #..
#.............# #.# ######
#########.....# #.# #.....
###...# #.# #.#### ##### #.#
#..... #.# ###### #.##########
#........... ############


You could see an ogre.


Message History

You slash the fungus!
The fungus is moderately damaged.
You hit the fungus.
The fungus is moderately damaged.
You hit the fungus.
The fungus is moderately damaged.
Found a stone staircase leading down.
Found 14 gold pieces.
Found a scroll of teleportation.
t - 2 scrolls of teleportation {!r} (gained 1)
A jelly comes into view.
The jelly quivers.
You see here 14 gold pieces.
You are too injured to fight recklessly!
You are too injured to fight recklessly!
You hit the jelly but do no damage.
Your hands burn!
The jelly hits you but does no damage.
You slash the jelly!
Your hands burn!
The jelly is moderately wounded.
The jelly hits you.
You are splashed with acid!
The acid burns!
* * * LOW HITPOINT WARNING * * *
Damage: -10%(-6hp) hp: 45%(27hp)
You slash the jelly! The acid corrodes you!
Your hands burn!
* * * LOW HITPOINT WARNING * * *
The jelly is almost dead.
You are feeling very hungry.
The jelly barely misses you.
Damage: -2%(-1hp) hp: 43%(26hp)
You hit the jelly.
You kill the jelly!
You now have 197 gold pieces (gained 14).
You feel much better.
A bullfrog skeleton comes into view.
You are no longer corroded.
You barely miss the bullfrog skeleton.
The bullfrog skeleton closely misses you.
You barely miss the bullfrog skeleton.
The bullfrog skeleton hits you but does no damage. x2
You slash the bullfrog skeleton!
The bullfrog skeleton is heavily damaged.
The bullfrog skeleton hits you but does no damage.
You slash the bullfrog skeleton!
You destroy the bullfrog skeleton!
Your Axes skill increases to level 8!
Found 17 gold pieces.
Found an escape hatch in the ceiling.
Phong's ghost (novice Octopode Ice Elementalist) comes into view.
It is wielding a vorpal weapon.
Phong's ghost turns its malevolent gaze towards you.
You hear a shout!
An ogre comes into view. It is wielding a giant club.
The ogre shouts!
Phong's ghost hits you!
Damage: -10%(-6hp) hp: 71%(43hp)
What are your orders? t - Shout!
Orders for allies: a - Attack new target. r - Retreat! s - Stop attacking. g - Guard the area. f - Follow me.
Anything else - Cancel.
Okay, then.
Really read
t - 2 scrolls of teleportation {!r}?
As you read the scroll of teleportation {!r}, it crumbles to dust.
You feel strangely unstable.
Phong's ghost stares at you and mumbles some strange words.
The puff of frost hits you!
* * * LOW HITPOINT WARNING * * *
Huge Dmg: -23%(-14hp) hp: 48%(29hp) Phong's ghost casts a spell at you.
The puff of frost hits you!
* * * LOW HITPOINT WARNING * * *
Damage: -2%(-1hp) hp: 46%(28hp)
Your surroundings suddenly seem different.
Found a stone staircase leading up.
An ogre comes into view. It is wielding a giant club.
The ogre shouts!
A bat comes into view.
The bat hits you but does no damage. The bat hits you but does no damage. x2
The bat hits you but does no damage. The bat hits you.
The bat hits you but does no damage.
There is an open door here.
The bat closely misses you. The bat barely misses you.
The bat barely misses you.
You closely miss the bat. The bat barely misses you.
The bat closely misses you. The bat barely misses you.
You hit the bat.
The bat is severely wounded.
The bat hits you but does no damage.
You slash the bat!
You kill the bat!
Your chain mail prevents you from hitting the ogre.
The ogre barely misses you.
You hit the ogre.
The ogre is lightly wounded.
The ogre hits you with a giant club!!
* * * LOW HITPOINT WARNING * * *
Huge Dmg: -24%(-15hp) hp: 22%(13hp)
You fail to use your ability.
The ogre hits you with a giant club!!
You die...

Vault maps used:
D:1:      shiori_shiawase
D:3:      nicolae_underground_beach
D:4:      lemuel_round_altar, fedhas_altar_4, marbit_many_paths,
          temple_fountains, first_bread, serial_shops, shop_statue
D:5:      old_forge, minmay_guarded_unrand_vampires_tooth

Notes
Turn   | Place    | Note
-------+----------+-------------------------------------------
     0 | Abyss:1  | hairmachine the Deep Dwarf Abyssal Knight began the quest for the Orb.
     0 | Abyss:1  | Reached XP level 1. HP: 20/20 MP: 2/2
    23 | Abyss:1  | Noticed a hellwing
    28 | D:1      | Escaped the Abyss
    75 | D:1      | Reached * piety under Lugonu
   232 | D:1      | Reached skill level 3 in Axes
   232 | D:1      | Reached XP level 2. HP: 18/27 MP: 2/2
  1097 | D:1      | Reached skill level 1 in Short Blades
  1116 | D:1      | Reached XP level 3. HP: 33/33 MP: 4/4
  2005 | D:2      | Reached XP level 4. HP: 37/40 MP: 5/5
  2225 | D:2      | Reached ** piety under Lugonu
  3238 | D:3      | Reached skill level 4 in Axes
  3238 | D:3      | Reached XP level 5. HP: 33/48 MP: 7/7
  3789 | D:4      | Found a snail-covered altar of Cheibriados.
  3830 | D:4      | Reached skill level 5 in Axes
  3903 | D:4      | Found a staircase to the Ecumenical Temple.
  3910 | D:4      | Found Sicasuew's Food Boutique.
  3980 | D:4      | Noticed an ogre
  4048 | D:4      | Noticed a centaur
  4120 | D:4      | Reached skill level 5 in Invocations
  4120 | D:4      | Reached XP level 6. HP: 34/55 MP: 7/7
  4266 | D:5      | Entered Level 5 of the Dungeon
  4688 | D:5      | Reached *** piety under Lugonu
  4732 | D:5      | Reached skill level 6 in Axes
  5260 | D:5      | Reached XP level 7. HP: 53/61 MP: 9/9
  5268 | D:5      | Reached skill level 7 in Axes
  5562 | D:5      | Reached skill level 8 in Axes
  5593 | D:5      | Noticed Phong's ghost (novice OpIE)
  5627 | D:5      | Mangled by an ogre

Vanquished Creatures
  6 scorpions (D:5)
  A vampire bat (D:5)
  A jelly (D:5)
  2 hounds
  A bullfrog skeleton (D:5)
  A centaur skeleton (D:3)
  An iguana (D:4)
  A worker ant (D:4)
  A hound zombie (D:5)
  A worker ant zombie (D:5)
  8 adders
  2 gnolls (D:4)
  3 worms
  3 dart slugs
  4 leopard geckos
  6 orcs (D:3)
  19 bats
  7 giant cockroaches
  7 goblins
  7 hobgoblins
  11 jackals
  2 quokkas (D:2)
  3 ball pythons
  7 frilled lizards
  4 kobolds
  A quokka skeleton (D:4)
  10 rats
120 creatures vanquished.

Vanquished Creatures (others)
  A fungus (D:5)
1 creature vanquished.

Grand Total: 121 creatures vanquished

Action                   |  1- 3 |  4- 6 |  7- 9 || total
-------------------------+-------+-------+-------++-------
Melee: Hand axe          |    39 |   267 |       ||   306
       Dagger            |   175 |   172 |       ||   347
       War axe           |       |    36 |    37 ||    73
       Executioner's axe |       |       |    24 ||    24
Throw: Stone             |     8 |    12 |       ||    20
       Tomahawk          |       |     5 |       ||     5
Invok: Depart the Abyss  |     1 |       |       ||     1
 Abil: Heal Wounds       |     1 |     6 |     1 ||     8
  Use: Scroll            |       |    12 |     1 ||    13
       Potion            |       |     2 |       ||     2
 Stab: Sleeping          |     1 |       |       ||     1
  Eat: Chunk             |     4 |    11 |       ||    15
       Bread ration      |     1 |       |       ||     1
Armor: Leather armour    |    65 |       |       ||    65
       Ring mail         |    28 |    48 |       ||    76
       Chain mail        |       |   194 |    40 ||   234
Dodge: Dodged            |   118 |   169 |    34 ||   321

Skill      XL: |  1  2  3  4  5  6  7 |
---------------+----------------------+-----
Axes           | 3 4 5 6 8 |  8.0
Short Blades   | 1 2 |  2.0
Invocations    | 3 4 5 |  5.4
Fighting       | |  2.8
Armour         | |  2.1
Dodging        | |  1.1
